cohdb
Replays
Latest Replays
All Replays
Popular Replays
Top Player Replays
Match Explorer
How It Works
Community
CoH3 Stats
Reddit
Sign in to upload your games and track your stats! →
Sign in with Steam
Match 37679480
Unlisted
Match 37679480
Overview
Messages
Build Orders
End
Panzergrenadier Squad
Selects Armored Support Battlegroup
250 Light Carrier
Panzergrenadier Squad
Construct Light Support Kompanie
MG34 Team
Panzergrenadier Squad
Fire Support Elements
Selects Veteran Gunners
Selects Salvage Kits
Assault Mechanized Group
Panzerjäger Squad
Selects Panzer Storm
Flakvierling Half-track
2.5-tonne Medical Truck
Pak 38 Mechanized Group
Construct Panzerarmee Kommand
Selects Stuka Dive Bomb
MG34 Team
Stuka Dive Bomb
The Rectalizer
M1k3H4lt0n
CygNus
STALKER4732
ezh
kit.ohume
0
0
Comments
sign in to comment!
No comments posted yet!